 Dungeon Crawl Stone Soup version 0.31-a0-188-g5e087ee2ca (webtiles) character file.

Game seed: 10162286514278212232

40 qw the Shooter (level 3, -4/20 HPs)
             Began as a Deep Elf Hunter on June 23, 2023.
             Killed from afar by Jessica (5 damage)
             ... with a puff of flame
             ... on level 2 of the Dungeon.
             The game lasted 00:00:21 (978 turns).

qw the Shooter (Deep Elf Hunter)                     Turns: 978, Time: 00:00:21

Health: -4/20      AC:  3    Str:  8 (10) XL:     3   Next: 30%
Magic:  5/5        EV: 12    Int: 12 (13) God:
Gold:   48         SH:  0    Dex: 15 (18) Spells: 2/2 levels left

rFire   . . .        Y - +0 shortbow
rCold   . . .        (shield currently unavailable)
rNeg    . . .        c - +0 leather armour
rPois   .            (no helmet)
rElec   .            (no cloak)
rCorr   .            (no gloves)
SInv    .            (no boots)
Will    .....        (no amulet)
Stlth   ++           (no ring)
HPRegen 0.23/turn    (no ring)
MPRegen 0.09/turn

%: no passive effects
@: slowed, very slow
A: no striking features
a: no special abilities


You were on level 2 of the Dungeon.
You visited 1 branch of the dungeon, and saw 2 of its levels.

You collected 48 gold pieces.


   Skills:
 - Level 1.5 Fighting
 + Level 6.9 Ranged Weapons
 - Level 2.4 Dodging
 - Level 1.2 Stealth


You had 2 spell levels left.
You didn't know any spells.
Your spell library was empty.

Inventory:

Hand Weapons
 Y - a +0 shortbow (weapon)
Armour
 c - a +0 leather armour (worn)
Scrolls
 a - a scroll of identify {unknown}

Dungeon Overview and Level Annotations

Branches:
Dungeon (2/15)

Altars:

Annotations:
D:2 Jessica


Message History

The jackal closely misses you.
You shoot an arrow. The arrow completely misses the jackal.
The jackal closely misses you. x2
You shoot an arrow.
The arrow hits the jackal but does no damage.
The jackal barely misses you.
The jackal bites you but does no damage.
You shoot an arrow. The arrow barely misses the jackal.
The jackal barely misses you.
You shoot an arrow. The arrow closely misses the jackal.
The jackal closely misses you.
You shoot an arrow.
The arrow hits the jackal but does no damage.
The jackal barely misses you. The jackal bites you.
You shoot an arrow.
The arrow hits the jackal but does no damage.
The jackal barely misses you. x2
You shoot an arrow. The arrow closely misses the jackal.
The jackal misses you.
You shoot an arrow. The arrow hits the jackal!
You kill the jackal!
a - a scroll labelled IRURAK QIUGUU Jessica the Apprentice Sorceress comes into view.
She is wielding a +0 dagger and carrying a wand of flame (14).
Jessica shouts!
You shoot an arrow. The arrow barely misses Jessica.
You shoot an arrow. The arrow hits Jessica.
Jessica is severely wounded.
Jessica casts a spell.
Jessica seems to speed up.
Jessica casts a spell at you.
You feel yourself slow down.
You shoot an arrow. The arrow barely misses Jessica.
Jessica casts a spell at you. Pain shoots through your body!
Ouch! That really hurt!
You shoot an arrow. The arrow closely misses Jessica.
Jessica zaps a wand.
The puff of flame hits you!
Ouch! That really hurt!
Jessica zaps a wand.
The puff of flame hits you.
You die...

#.##.#.#.#
#.#.......
#.#..#.#.#
##.#..#.#.#
.....#.#.# #
#.##.#.#.#
....###.##.....#
...@$..@.......#
##########<%..##
#.#.## ...#.#
#####.# #.# #.#
#.#


You could see Jessica (fast).

Vanquished Creatures
  An adder (D:1)
  A dart slug (D:1)
  3 endoplasms
  A giant cockroach (D:1)
  2 hobgoblins (D:1)
  7 jackals
  3 quokkas (D:1)
  2 ball pythons (D:1)
  5 frilled lizards (D:1)
  A rat (D:1)
26 creatures vanquished.

Notes
Turn   | Place    | Note
-------+----------+-------------------------------------------
     0 | D:1      | qw the Deep Elf Hunter began the quest for the Orb.
     0 | D:1      | Reached XP level 1. HP: 12/12 MP: 3/3
     0 | D:1      | 0 ||| qw: Version: 0.3-a-9-g12657ce
     0 | D:1      | 0 ||| qw: Game counter: 4200
     0 | D:1      | 0 ||| qw: Always use a shield: true
     0 | D:1      | 0 ||| qw: God list: Okawaru
     0 | D:1      | 0 ||| qw: Allow faded altars: false
     0 | D:1      | 0 ||| qw: Do Orc after D:15 true
     0 | D:1      | 0 ||| qw: Do second Lair branch before Depths: true
     0 | D:1      | 0 ||| qw: Lair rune preference: random
     0 | D:1      | 0 ||| qw: Plans: Normal
     0 | D:1      | 0 ||| PLANNING D:1-11
    45 | D:1      | 45 ||| FLEEEEING.
    46 | D:1      | 46 ||| FLEEEEING.
    47 | D:1      | 47 ||| FLEEEEING.
    48 | D:1      | 48 ||| FLEEEEING.
    51 | D:1      | HP: 3/12 [frozen (5)]
    54 | D:1      | Reached XP level 2. HP: 5/16 MP: 4/4
   189 | D:1      | Reached skill level 6 in Ranged Weapons
   897 | D:1      | 897 ||| DROPPING +6 ring of intelligence.
   898 | D:1      | 898 ||| READING scroll labelled BIFYNWOJAN.
   899 | D:1      | 899 ||| READING scroll labelled LEIMIHYIKI.
   900 | D:1      | 900 ||| DRINKING 2 red potions.
   901 | D:1      | 901 ||| DROPPING scroll of butterflies.
   902 | D:1      | 902 ||| DROPPING potion of degeneration.
   930 | D:2      | 930 ||| STAIRDANCE
   934 | D:1      | Reached XP level 3. HP: 16/20 MP: 5/5
   974 | D:2      | Noticed Jessica
   978 | D:2      | HP: 1/20 [Jessica/puff of flame (10)]
   978 | D:2      | Killed from afar by Jessica

Levels and vault maps discovered:
D:1:      psy_arrival_conway, layout_basic
D:2:      layout_loops_ring, basic_ecumenical_altar, lightli_corner_chamber,
          uniq_jessica

Skill      XL: |  1  2 |
---------------+-------+-----
Ranged Weapons | 6 |  6.9
Fighting       | |  1.5
Dodging        | |  2.4
Stealth        | |  1.2

Action                     || total
---------------------------++-------
   Fire: Shortbow          ||    89
    Use: Scroll            ||     2
         Potion            ||     1
 Armour: Leather armour    ||    21
  Dodge: Dodged            ||    70

Table legend:
 A = Non-vault XP
 B = Vault XP
 C = Vault XP percentage of total XP
 D = Non-vault monster count
 E = Vault monster count
 F = Vault count percentage of total count
                 A         B        C        D         E       F
            +---------+---------+-------+---------+---------+-------
      Total |      58 |       0 |   0.0 |      26 |       0 |   0.0
            +---------+---------+-------+---------+---------+-------
        D:1 |      54 |       0 |   0.0 |      24 |       0 |   0.0
        D:2 |       4 |       0 |   0.0 |       2 |       0 |   0.0
            +---------+---------+-------+---------+---------+-------
